Map: Nightscape LE

Players

SWAGner

  • Race: Terran Terran
  • Spawn Location: 1:00

glassesT

  • Race: Zerg Zerg
  • Spawn Location: 1:00

Massa - Winner!

  • Race: Terran Terran
  • League: Platinum
  • Spawn Location: 7:00

qqq - Winner!

  • Race: Zerg Zerg
  • League: Platinum
  • Spawn Location: 7:00

VOD

Have the link to the VOD?

Description

Time

  • Played on: Sept. 5, 2020, 2:47 p.m.
  • Length: 4:46
Show
View Real Time Build Order
Export as new Build Order

SWAGner Terran 

Build Orders: Command Center First (CC) 

Get SALT Encoding   

  12  0:02  SCV  
  13  0:14  SCV  
  14  0:22  Refinery  
  14  0:26  SCV  
  15  0:33  Supply Depot  
  15  0:55  SCV  
  16  1:07  Command Center  
  17  1:11  SCV  
  17  1:23  Barracks  
  17  1:28  SCV  
  18  1:40  SCV  
  19  1:52  SCV, Barracks  
  20  2:05  SCV  
  20  2:07  Supply Depot  
  21  2:30  Orbital Command  
  21  2:37  Barracks Reactor  
  21  2:38  Barracks Tech Lab  
  21  2:43  Refinery  
  21  2:44  Orbital Command  
  21  2:48  Factory  
  21  2:58  SCV  
  22  3:07  Marine  
  22  3:10  SCV x2  
  25  3:14  Marine x2  
  27  3:26  Engineering Bay  
  27  3:29  Engineering Bay  
  27  3:31  SCV x2  
  27  3:34  Factory Reactor  
  29  3:36  Marine x2  
  31  3:43  SCV x2  
  31  3:45  Marine  
  34  3:54  Marine x2  
  34  3:55  SCV x2  
  38  4:03  Marine  
  38  4:07  SCV  
  40  4:12  Marine x2  
  42  4:21  Missile Turret  
  42  4:25  Supply Depot  
  42  4:26  Marine  
  42  4:28  Supply Depot  
  44  4:34  Starport  
Show
View Real Time Build Order
Export as new Build Order

glassesT Zerg 

Build Orders: Hatch First 

Get SALT Encoding   

  12  0:01  Drone  
  13  0:13  Overlord  
  13  0:19  Drone  
  14  0:33  Drone x2  
  16  0:43  Drone  
  17  0:55  Hatchery  
  16  1:12  Extractor  
  16  1:14  Spawning Pool  
  14  1:22  Drone x3  
  17  1:37  Drone  
  18  1:48  Drone  
  19  1:59  Overlord  
  19  2:04  Queen  
  21  2:11  Queen  
  21  2:14  Metabolic Boost  
  23  2:18  Drone x3  
  26  2:40  Zergling x10  
  31  2:53  Overlord  
  31  2:55  Drone  
  32  3:06  Drone x2  
  34  3:22  Drone x5  
  34  3:26  Overlord  
  39  3:32  Extractor x2  
  39  3:33  Lair  
  37  3:34  Extractor  
  36  3:46  Spine Crawler  
  35  3:49  Spine Crawler  
  31  3:57  Zergling x6  
  31  3:58  Zergling x6  
  35  4:28  Zergling x10  
Show
View Real Time Build Order
Export as new Build Order

Massa Terran - Winner!

Build Orders:  

Get SALT Encoding   

  12  0:00  SCV  
  13  0:12  SCV  
  14  0:24  SCV  
  14  0:25  Supply Depot  
  15  0:31  Refinery  
  15  0:46  SCV  
  15  0:49  Barracks  
  16  0:58  SCV  
  18  1:14  SCV  
  18  1:26  SCV  
  19  1:37  Reaper  
  19  1:38  SCV  
  21  1:40  Command Center  
  21  2:01  Factory  
  21  2:05  Refinery, Orbital Command  
  21  2:11  Reaper  
  22  2:43  Reaper  
  23  2:51  Supply Depot  
  23  2:52  Hellion  
  23  2:55  Supply Depot  
  23  2:56  Supply Depot  
  25  2:58  Supply Depot  
  25  3:00  Engineering Bay  
  25  3:02  SCV  
  25  3:04  SCV  
  27  3:13  Hellion  
  27  3:16  Barracks Tech Lab  
  27  3:19  SCV x2  
  31  3:27  Starport  
  31  3:31  SCV  
  32  3:35  Missile Turret  
  32  3:39  Missile Turret  
  32  3:40  SCV  
  33  3:43  SCV  
  34  3:52  Widow Mine  
  34  3:53  SCV  
  37  4:00  SCV  
  38  4:05  Orbital Command  
Show
View Real Time Build Order
Export as new Build Order

qqq Zerg - Winner!

Build Orders: Hatch First 

Get SALT Encoding   

  12  0:02  Drone  
  13  0:10  Drone  
  14  0:35  Hatchery  
  13  0:40  Drone  
  14  0:55  Spawning Pool  
  13  1:04  Overlord  
  13  1:10  Drone  
  14  1:14  Extractor, Drone  
  14  1:25  Drone  
  15  1:31  Drone  
  16  1:43  Drone  
  16  1:44  Queen  
  19  1:50  Drone  
  20  1:59  Drone  
  20  2:00  Drone  
  21  2:23  Drone x3  
  21  2:24  Queen  
  21  2:25  Drone  
  21  2:27  Drone  
  28  2:31  Metabolic Boost  
  28  2:39  Overlord  
  28  2:48  Roach Warren  
  28  2:51  Drone  
  28  2:54  Overlord  
  28  3:00  Drone x2  
  30  3:16  Zergling x4  
  30  3:17  Zergling x4  
  30  3:18  Drone x2  
  36  3:24  Zergling x2  
  37  3:31  Drone  
  37  3:32  Roach  
  40  3:41  Lair  
  40  3:48  Drone  
  41  3:50  Drone  
  42  3:56  Zergling x2  
  42  3:58  Drone  
  42  4:00  Overlord x2  
  44  4:05  Hatchery  
  44  4:06  Overlord  
  43  4:14  Overlord  
  43  4:21  Roach  
  43  4:22  Roach x2  
Tags
 
Add a new tag
Caveats
  • Supply blocks, unpowered buildings, or Contaminate may cause inaccurate times.
  • Supply counts are checked every 10 seconds.